 Dungeon Crawl Stone Soup version 0.31-a0-865-g3d5d91748a (webtiles) character file.

Game seed: 8884315536015117286

60435 Hubris850 the End of an Era (level 14, -10/104 HPs)
             Began as a Pale Draconian Shapeshifter on Oct 10, 2023.
             Was the Champion of Qazlal.
             Killed by divine providence
             ... invoked by an orc high priest
              (12 damage)
             ... on level 2 of the Orcish Mines.
             The game lasted 01:08:46 (18905 turns).

Hubris850 the End of an Era (DrSh)                 Turns: 18905, Time: 01:08:47

Health: -10/104    AC: 11    Str: 18    XL:     14   Next: 56%
Magic:  7/24       EV: 12    Int: 22    God:    Qazlal [******]
Gold:   2394       SH:  8    Dex: 10    Spells: 14/24 levels left

rFire   . .          .
                       - Unarmed
rCold   . . .        (shield currently unavailable)
rNeg    . . .        (body armour unavailable)
rPois   +            M - +2 hat
rElec   +            y - +0 cloak of Elaacky {rElec Regen+ Int+7}
rCorr   .            q - melded +2 pair of gloves {Str+3}
SInv    .            I - +0 pair of boots
Will    +....        Q - amulet of regeneration
Stlth   +            f - ring of poison resistance
HPRegen 1.97/turn    o - ring of wizardry
MPRegen 0.19/turn

%: repel missiles, wizardry (x1)
@: blade hands, protected from physical damage, corroded
A: breathe steam, AC +8, unfitting armour, cold-blooded, steam resistance
a: Breathe Steam, Begin Untransformation, Renounce Religion, Upheaval, Elemental
Force, Disaster Area


You were on level 2 of the Orcish Mines.
You worshipped Qazlal.
Qazlal was exalted by your worship.
You had blades for hands.
You visited 3 branches of the dungeon, and saw 17 of its levels.
You also visited: Sewer.

You collected 2394 gold pieces.

Inventory:

Hand Weapons
 d - a +2 short sword of speed
Missiles
 g - 39 poisoned darts
 L - 2 curare-tipped darts
Armour
 q - a +2 pair of gloves of strength (melded)
 y - the +0 cloak of Elaacky (worn) {rElec Regen+ Int+7}
   (You acquired it on level 5 of the Dungeon)

   Int+7:     It affects your intelligence (+7).
   rElec:     It insulates you from electricity.
   Regen+:    It increases your rate of health regeneration.
 I - a +0 pair of boots (worn)
 M - a +2 hat (worn)
Magical Staves
 z - a staff of poison
 K - a staff of conjuration
Jewellery
 f - a ring of poison resistance (left blade hand)
 l - a ring of protection from cold
 o - a ring of wizardry (right blade hand)
 r - an amulet of the acrobat
 A - a ring of see invisible
 G - a ring of protection from fire
 J - a ring of magical power
 O - an amulet of faith
 Q - an amulet of regeneration (around neck)
Talismans
 c - a flux talisman
 p - a serpent talisman
 w - a blade talisman (active)
Wands
 a - a wand of charming (13)
 C - a wand of digging (14)
 N - a wand of roots (22)
 T - a wand of flame (24)
Scrolls
 e - a scroll of brand weapon
 h - 4 scrolls of amnesia
 m - 2 scrolls of fog
 s - 2 scrolls of poison
 t - 10 scrolls of teleportation
 B - 3 scrolls of torment
 D - a scroll of vulnerability
 E - 2 scrolls of revelation
 H - 2 scrolls of fear
 P - 2 scrolls of enchant weapon
 W - a scroll of butterflies
Potions
 b - a potion of attraction
 i - 3 potions of brilliance
 k - 11 potions of curing
 n - 2 potions of berserk rage
 u - 8 potions of invisibility
 v - 5 potions of haste
 x - 2 potions of heal wounds
 F - 4 potions of cancellation
 U - a potion of might
 X - a potion of resistance


   Skills:
 - Level 4.0 Fighting
 - Level 4.0 Short Blades
 - Level 3.7 Dodging
 + Level 12.7 Unarmed Combat
 - Level 5.9 Spellcasting
 - Level 5.3 Conjurations
 - Level 4.9 Ice Magic
 - Level 5.8 Air Magic
 - Level 2.0 Poison Magic
 - Level 13.9 Invocations
 - Level 6.0 Evocations
 + Level 12.3 Shapeshifting


You had 14 spell levels left.
You knew the following spells:

 Your Spells              Type           Power      Damage    Failure   Level
a - Poisonous Vapours     Pois/Air       46%        N/A       1%          2
b - Mephitic Cloud        Conj/Pois/Air  25%        N/A       1%          3
c - Freezing Cloud        Conj/Ice/Air   15%        6-21      12%         5

Your spell library contained the following spells:

 Spells                   Type           Power      Damage    Failure   Level
 Dazzling Flash           Conj/Hex       36%        N/A       4%          3
 Blink                    Tloc           12%        N/A       6%          2
 Iskenderun's Battlesphe  Conj           30%        2d8       12%         5
 Silence                  Hex/Air        9%         N/A       30%         5
 Animate Dead             Necr           6%         N/A       34%         4
 Manifold Assault         Tloc           6%         N/A       34%         4
 Agony                    Necr           6%         N/A       67%         5
 Borgnjor's Vile Clutch   Necr/Erth      3%         N/A       67%         5
 Summon Forest            Summ/Tloc      3%         N/A       67%         5
 Bombard                  Conj/Erth      9%         9d2       86%         6
 Eringya's Noxious Bog    Tmut/Pois      5%         4d6       97%         6
 Death Channel            Necr           3%         N/A       99%         6
 Dispersal                Tloc           3%         N/A       99%         6
 Spellforged Servitor     Conj/Summ      9%         N/A       100%        7
 Summon Hydra             Summ           3%         N/A       100%        7
 Disjunction              Tloc           3%         N/A       100%        8


Dungeon Overview and Level Annotations

Branches:
Dungeon (10/15)            Temple (0/1) D:6            Lair (5/5) D:9
 Shoals (0/4) Lair:2        Snake (0/4) Lair:3        Slime (0/5) Lair:5
    Orc (2/2) D:10          Sewer (visited)
    Elf: Orc:2

Altars:
Ashenzari
Cheibriados
Dithmenos
Gozag
Kikubaaqudgha
Makhleb
Okawaru
Qazlal
Ru
Wu Jian
Yredelemnul
Zin
Jiyva
Lugonu

Shops:
D:9 :*   Orc:2 **

Portals:
Abyss: Lair:5


Innate Abilities, Weirdness & Mutations

You have blades for hands.
You are incapable of wielding weapons or throwing items.
You can breathe blasts of scalding, opaque steam.
Your pale cyan-grey scales are hard. (AC +8)
You cannot fit into any form of body armour.
You are cold-blooded and may be slowed by cold attacks.
You are immune to the effects of steam.


Message History

The rust devil is severely wounded.
The rust devil hits you! The rust devil corrodes you!
You hit the rust devil. Your slash misses the rust devil.
The rust devil is almost dead.
You hear a shout!
You slice the rust devil!!
You kill the rust devil!
Qazlal accepts your kill.
The orc knight hits you with a +0 war axe!!
* * * LOW HITPOINT WARNING * * *
You hear a shout! x2
An orc priest comes into view. It is wielding a +0 hand axe.
Things that are here:
a +0 war axe; a +0 chain mail; an orc corpse You closely miss the orc knight.
The orc knight is severely wounded.
The orc knight hits you with a +0 war axe.
* * * LOW HITPOINT WARNING * * *
You feel more protected from physical attacks.
An orc high priest comes into view. It is wielding a +0 flail.
You completely miss the orc knight. Your slash misses the orc knight.
The orc knight is severely wounded.
You block the orc knight's attack.
You closely miss the orc knight.
The orc knight is severely wounded.
You hear a shout!
The orc knight hits you with a +0 war axe.
* * * LOW HITPOINT WARNING * * *
Your magical contamination has completely faded away.
You slash the orc knight!
Your tail-slap misses the orc knight.
The orc knight is severely wounded.
The orc priest no longer looks unusually strong.
You hit the orc knight.
The orc knight is severely wounded.
The orc knight hits you with a +0 war axe!
* * * LOW HITPOINT WARNING * * *
You feel more protected from physical attacks.
The orc high priest calls down the wrath of Beogh upon you.
Beogh smites you!
You die...

# #∩.#.....## .. #
#...#....## #.# ##
#....#...## #... .##
#...)...)## #o..# ....
##)[###...## #)).# ....
##.[###..)###o))# ....
##))###.§.#)).# ....
##[[###o#.#.# #. ....
##..###@..# #... ....#
..###..###.###.....
....###...###..#####......
.....#.##..###..###.......
............##...#........
..........................
#........#.#..............
.#........###.............
.........#.##[............


You could see an orc knight, an orc high priest and an orc priest.

Vanquished Creatures
  An orc warlord (Orc:2)
  6 hydras
  3 two-headed ogres
  9 death yaks
  3 thrashing horrors (Lair:5)
  3 orc high priests (Orc:2)
  Nergalle (Lair:1)
  Urug (Orc:1)
  A skyshark (Lair:2)
  A sixfirhy (D:10)
  A death drake (shapeshifter) (Lair:5)
  2 ugly things (Lair:5)
  3 orc knights (Orc:2)
  3 orc sorcerers (Orc:2)
  A mana viper (shapeshifter) (Lair:5)
  3 elephants (Lair:4)
  A rust devil (Orc:2)
  A black mamba (Lair:5)
  A torpor snail (Lair:4)
  3 smoke demons (Lair:5)
  2 rime drakes (Lair:4)
  9 cane toads
  4 komodo dragons
  7 polar bears
  2 trolls
  3 raiju (Lair:5)
  A hornet (D:7)
  A large abomination (Lair:5)
  32 blink frogs
  Sigmund (D:5)
  A centaur simulacrum (D:10)
  A spriggan (Lair:5)
  2 wraiths
  4 wyverns
  57 yaks
  9 basilisks (Lair:5)
  2 chaos spawn
  A redback (shapeshifter) (Lair:5)
  A neqoxec (Orc:2)
  Edmund (D:5)
  4 wargs (Orc:2)
  An acid dragon (D:8)
  5 nagas (Lair:3)
  17 water moccasins
  25 orc warriors
  2 ice beasts
  6 centaurs
  7 ogres
  18 wolves
  4 black bears
  5 kobold brigands
  A phantom (D:5)
  Blork the orc (D:5)
  8 bullfrogs
  4 scorpions
  3 wights (D:6)
  8 small abominations (Lair:5)
  6 electric eels
  3 howler monkeys
  2 hounds
  2 jellies
  18 orc priests
  2 sleepcaps
  Crazy Yiuf (D:4)
  7 iguanas
  18 orc wizards
  10 adders
  11 gnolls
  2 river rats (Sewer)
  2 shadow imps
  5 white imps
  An ufetubus (D:10)
  4 worms
  2 dart slugs
  86 orcs
  9 ball pythons
  5 endoplasms
  4 giant cockroaches
  2 goblins
  3 hobgoblins
  3 jackals (D:1)
  29 kobolds
  6 quokkas
  4 bats
  5 frilled lizards
  8 rats
  2 butterflies (Lair:4)
570 creatures vanquished.

Notes
Turn   | Place    | Note
-------+----------+-------------------------------------------
     0 | D:1      | Hubris850 the Draconian Shapeshifter began the quest for
                  | the Orb.
     0 | D:1      | Reached XP level 1. HP: 16/16 MP: 1/1
   170 | D:1      | Reached XP level 2. HP: 23/23 MP: 2/2
   403 | D:1      | Reached skill level 1 in Short Blades
   786 | D:2      | Reached XP level 3. HP: 22/28 MP: 3/3
  1301 | D:2      | Found a faded altar of an unknown god.
  1512 | D:3      | Reached XP level 4. HP: 35/35 MP: 4/4
  1601 | D:3      | Found a sacrificial altar of Ru.
  1603 | D:3      | Found a broken altar of Ashenzari.
  1606 | D:3      | Found a stormy altar of Qazlal.
  1614 | D:3      | Became a worshipper of Qazlal Stormbringer
  2573 | D:4      | Noticed a black bear
  2587 | D:4      | Killed a black bear
  2588 | D:4      | Reached XP level 5. HP: 19/40 MP: 5/5
  2761 | D:4      | Found an opulent altar of Gozag.
  2850 | D:4      | Reached XP level 6. HP: 38/47 MP: 6/6
  2960 | D:4      | Found a runed translucent door.
  2961 | D:4      | Noticed Crazy Yiuf
  2968 | D:4      | Killed Crazy Yiuf
  2969 | D:4      | Reached skill level 5 in Shapeshifting
  3151 | D:4      | Reached * piety under Qazlal
  3241 | D:5      | Entered Level 5 of the Dungeon
  3318 | D:5      | Reached skill level 1 in Invocations
  3324 | D:5      | Identified a scroll of acquirement
  3324 | D:5      | Acquired the +0 cloak of Elaacky {rElec Regen+ Int+7}
  3405 | D:5      | Noticed Blork the orc
  3419 | D:5      | Killed Blork the orc
  3420 | D:5      | Reached skill level 2 in Invocations
  3420 | D:5      | Your scales start taking on a pale cyan-grey colour.
  3420 | D:5      | Reached XP level 7. HP: 42/52 MP: 8/8
  3420 | D:5      | Gained mutation: You are immune to the effects of steam.
                  | [Pale Draconian growth]
  3517 | D:5      | Noticed Edmund
  3529 | D:5      | Killed Edmund
  3530 | D:5      | Reached skill level 3 in Invocations
  3863 | D:5      | Found an ornate altar of the Wu Jian Council.
  3878 | D:5      | Noticed Sigmund
  3890 | D:5      | Killed Sigmund
  3891 | D:5      | Reached skill level 5 in Unarmed Combat
  3891 | D:5      | Reached XP level 8. HP: 59/59 MP: 10/10
  4472 | D:6      | Found a glowing drain.
  4489 | Sewer    | Entered a sewer
  4758 | D:6      | Reached ** piety under Qazlal
  4762 | D:6      | Noticed a two-headed ogre
  4782 | D:6      | Killed a two-headed ogre
  4954 | D:6      | Reached XP level 9. HP: 64/64 MP: 11/11
  5574 | D:6      | Found a staircase to the Ecumenical Temple.
  6024 | D:7      | Reached skill level 1 in Spellcasting
  6051 | D:7      | Reached XP level 10. HP: 40/73 MP: 8/12
  6672 | D:7      | Found a basalt altar of Yredelemnul.
  6690 | D:7      | Reached *** piety under Qazlal
  6691 | D:7      | Reached skill level 4 in Invocations
  6715 | D:7      | Found a shadowy altar of Dithmenos.
  6833 | D:7      | Found an ancient bone altar of Kikubaaqudgha.
  7305 | D:8      | Reached skill level 5 in Invocations
  7813 | D:8      | Learned a level 2 spell: Poisonous Vapours
  7817 | D:8      | Learned a level 3 spell: Mephitic Cloud
  7823 | D:8      | Learned a level 5 spell: Freezing Cloud
  7844 | D:9      | Noticed a two-headed ogre
  7910 | D:8      | Reached skill level 1 in Conjurations
  7910 | D:8      | Reached skill level 1 in Ice Magic
  7910 | D:8      | Reached skill level 1 in Air Magic
  7910 | D:8      | Reached skill level 1 in Poison Magic
  8121 | D:8      | Killed a two-headed ogre
  8428 | D:9      | Reached XP level 11. HP: 84/84 MP: 17/17
  8449 | D:9      | Found a staircase to the Lair.
  8584 | D:9      | Acquired 1129 gold pieces
  8623 | D:9      | Found Cylon's Tiny Tomes.
  8639 | D:9      | Found an iron altar of Okawaru.
  8965 | D:9      | Found a glowing silver altar of Zin.
  9125 | D:9      | Reached **** piety under Qazlal
  9308 | D:9      | Found Sotid's Assorted Antiques.
  9434 | Lair:1   | Entered Level 1 of the Lair of Beasts
  9436 | Lair:1   | Noticed a death yak
  9436 | Lair:1   | Noticed a death yak
  9446 | Lair:1   | Noticed a death yak
  9448 | Lair:1   | Noticed a death yak
  9454 | D:9      | Killed a death yak
  9455 | D:9      | Killed a death yak
  9456 | D:9      | Reached skill level 5 in Spellcasting
  9475 | Lair:1   | Killed a death yak
  9486 | Lair:1   | Killed a death yak
  9487 | Lair:1   | Reached skill level 5 in Air Magic
  9968 | Lair:1   | Reached skill level 5 in Conjurations
 10153 | Lair:1   | Noticed Nergalle
 10169 | Lair:1   | Killed Nergalle
 10774 | Lair:2   | Reached XP level 12. HP: 61/91 MP: 20/20
 10790 | Lair:2   | Reached skill level 6 in Invocations
 10908 | Lair:2   | Noticed a six-headed hydra
 10918 | Lair:2   | Killed a six-headed hydra
 10919 | Lair:2   | Reached skill level 10 in Unarmed Combat
 10919 | Lair:2   | Reached skill level 10 in Shapeshifting
 11161 | Lair:2   | Reached skill level 7 in Invocations
 11329 | Lair:2   | Found a staircase to the Shoals.
 11376 | Lair:2   | Identified the +1 hand axe of the Bedazzling Gods {flame,
                  | Fragile rElec Dex+5}
 12110 | Lair:3   | Noticed an eight-headed hydra
 12126 | Lair:2   | HP: 3/91 [skyshark (10)]
 12135 | Lair:2   | Reached ***** piety under Qazlal
 12136 | Lair:2   | Reached skill level 8 in Invocations
 12257 | Lair:3   | Killed an eight-headed hydra
 12555 | Lair:3   | Found a staircase to the Snake Pit.
 12573 | Lair:3   | Noticed a five-headed hydra
 12580 | Lair:3   | Killed a five-headed hydra
 13398 | Lair:4   | Reached skill level 9 in Invocations
 13641 | Lair:4   | Reached XP level 13. HP: 45/96 MP: 18/21
 14047 | Lair:4   | Reached skill level 10 in Invocations
 14217 | Lair:4   | Reached skill level 11 in Invocations
 14786 | Lair:5   | Entered Level 5 of the Lair of Beasts
 14795 | Lair:5   | Reached skill level 12 in Invocations
 15115 | Lair:5   | Reached skill level 13 in Invocations
 15423 | Lair:5   | Reached skill level 1 in Evocations
 15460 | Lair:5   | Reached ****** piety under Qazlal
 15611 | Lair:5   | Found a viscous altar of Jiyva.
 15612 | Lair:5   | Found a staircase to the Slime Pits.
 15757 | Lair:5   | Reached XP level 14. HP: 104/104 MP: 18/24
 16435 | Lair:5   | Found a corrupted altar of Lugonu.
 16435 | Lair:5   | Found a one-way gate to the infinite horrors of the Abyss.
 16439 | Lair:5   | Identified the +0 leather armour "Peeg" {rF+ Dex-4 Slay+3}
 16699 | D:10     | Entered Level 10 of the Dungeon
 16754 | D:10     | Found a staircase to the Orcish Mines.
 17006 | D:10     | Found a runed translucent door.
 17007 | D:10     | Found a burning altar of Makhleb.
 17323 | D:10     | Found a snail-covered altar of Cheibriados.
 17665 | Orc:1    | Entered Level 1 of the Orcish Mines
 17681 | Orc:1    | Noticed Urug
 17698 | Orc:1    | Killed Urug
 17939 | Orc:1    | Reached skill level 5 in Evocations
 18251 | Orc:2    | Entered Level 2 of the Orcish Mines
 18255 | Orc:2    | Noticed an orc warlord
 18319 | Orc:2    | Killed an orc warlord
 18705 | Orc:2    | Found Laacaco's General Store.
 18706 | Orc:2    | Found Obuth's General Store.
 18905 | Orc:2    | HP: 2/104 [orc knight/+0 war axe (11)]
 18905 | Orc:2    | Killed from afar by an orc high priest

Illustrated notes

Levels and vault maps discovered:
D:1:      dpeg_arrival_prison, layout_loops_ring
D:2:      layout_loops_ring, shapermc_ecumenical_altar_pompeii,
          nicolae_wormholes
D:3:      layout_loops_ring, grunt_temple_overflow_open
D:4:      layout_basic, grunt_gozag_breadcrumbs, uniq_crazy_yiuf_cottage
D:5:      layout_basic, nzn_wu_jian_council_hall, uniq_sigmund,
          uniq_blork_the_orc, uniq_edmund
D:6:      layout_rooms, minmay_temple_entry_junction, gup_sewer_entry_pipe,
          amcnicky_mini_pool_small, kennysheep_cross_bottleneck,
          grunt_ministairs_15
D:7:      layout_basic, mainiacjoe_overflow_small_starburst,
          kiku_gazebo_garden_becter, kennysheep_little_box,
          david_defended_altar_orc
D:8:      layout_loops_ring, nicolae_overflow_hidden_temple
D:9:      layout_irregular_city, zin_statuary, lemuel_crystal_altar,
          minmay_lair_entry_grove, serial_shops, nicolae_shop_back_alley_shop,
          serial_bayou_lagoon_a, nicolae_shop_i_like_small_books_too
D:10:     layout_cave_pods, nzn_makhleb_speed_demon, kennysheep_slug_shrine,
          orc_0_dummy, serial_ice, serial_ice_k, serial_ice_h, serial_ice_m,
          serial_ice_f, serial_ice_d, serial_ice_g, corner_web_ring
Lair:1:   layout_gridlike, wad_woods_river_01, uniq_nergalle
Lair:2:   layout_gridlike, elwin_shoals_entry_rocks, grunt_forest_stairs_basic,
          st_stairs_7, hangedman_lair_unloving_vines, minmay_stone_trees_small
Lair:3:   layout_regular_city, minmay_snake_entry_guardpost_medium,
          patterned_corridor, grunt_megastairs_5
Lair:4:   layout_gridlike, lemuel_fruit_fields
Lair:5:   hellmonk_lair_end_abyssal_woods, layout_regular_city, slime_entry_1,
          serial_bayou_shore_a
Orc:1:    layout_caves, uniq_urug
Orc:2:    pf_orc_diabolical, layout_caves, serial_shops, shop

Skill      XL: |  1  2  3  4  5  6  7  8  9 10 11 12 13 14 |
---------------+-------------------------------------------+-----
Short Blades   | 1 2 3 4 |  4.0
Shapeshifting  | 4 5 6 7 9 11 12 | 12.3
Invocations    | 2 3 5 9 13 | 13.9
Unarmed Combat | 4 5 7 9 11 12 | 12.7
Dodging        | 2 3 |  3.7
Spellcasting   | 1 4 5 |  5.9
Fighting       | 4 |  4.0
Conjurations   | 2 5 |  5.3
Ice Magic      | 2 4 |  4.9
Air Magic      | 2 5 |  5.8
Poison Magic   | 2 |  2.0
Evocations     | 3 6 |  6.0

Action                     |  1- 3 |  4- 6 |  7- 9 | 10-12 | 13-15 || total
---------------------------+-------+-------+-------+-------+-------++-------
  Melee: Short sword       |   109 |   116 |   154 |       |       ||   379
         Tailslap          |    14 |    13 |    52 |    88 |    53 ||   220
         Punch             |     3 |     3 |     4 |     1 |    25 ||    36
         Unarmed           |       |       |   193 |   586 |   408 ||  1187
         Constrict         |       |       |       |    11 |     1 ||    12
  Throw: Dart              |       |     3 |     3 |       |       ||     6
   Cast: Poisonous Vapours |       |       |       |    13 |    19 ||    32
         Freezing Cloud    |       |       |       |    10 |    45 ||    55
 Invoke: Upheaval          |       |       |     2 |     4 |     5 ||    11
         Disaster Area     |       |       |       |       |     1 ||     1
Ability: Begin Untransform |     2 |     1 |     1 |     3 |     1 ||     8
         Breathe Steam     |       |       |     9 |    21 |     3 ||    33
  Evoke: Wand              |       |       |       |     1 |       ||     1
    Use: Scroll            |       |    16 |     3 |     9 |     7 ||    35
         Potion            |       |     1 |     3 |     2 |     2 ||     8
   Stab: Sleeping          |     4 |       |       |       |       ||     4
 Armour: Skin              |    38 |    31 |   159 |   462 |   262 ||   952
  Dodge: Dodged            |    55 |    39 |   176 |   395 |   234 ||   899
         Repelled          |       |       |       |     2 |     3 ||     5
  Block: Other             |       |     2 |    33 |   140 |   134 ||   309
   Form: Beast             |     2 |     1 |       |       |       ||     3
         Flux              |       |       |     1 |       |       ||     1
         Blade             |       |       |       |     2 |     1 ||     3
         Anaconda          |       |       |       |     1 |       ||     1

Table legend: (Time is in decaauts)
 A = Elapsed time spent in this place.
 B = Non-inter-level travel time spent in this place.
 C = Inter-level travel time spent in this place.
 D = Time resting spent in this place.
 E = Time spent auto-exploring this place.
 F = Levels seen in this place.
 G = Mean time per level.
                   A        B        C        D        E       F      G
               +--------+--------+--------+--------+--------+-----+--------+
         Total |  18628 |  18100 |    528 |   3724 |  10683 |  18 | 1034.9 |
       Dungeon |  10197 |   9905 |    292 |   1611 |   6447 |  10 | 1019.7 |
          Lair |   6939 |   6713 |    226 |   1687 |   3672 |   5 | 1387.8 |
  Orcish Mines |   1213 |   1204 |      9 |    426 |    380 |   2 |  606.5 |
         Sewer |    277 |    277 |      0 |      0 |    183 |   1 |  277.0 |
               +--------+--------+--------+--------+--------+-----+--------+

Top non-repeatable levels by time:
  Lair:5: 1693 daAuts
  Lair:3: 1654 daAuts
     D:6: 1382 daAuts
  Lair:2: 1364 daAuts
     D:8: 1302 daAuts
     D:9: 1287 daAuts
     D:5: 1165 daAuts
  Lair:4: 1131 daAuts
  Lair:1: 1095 daAuts
    D:10: 951 daAuts
     D:7: 949 daAuts
     D:3: 916 daAuts
     D:4: 816 daAuts
   Orc:1: 788 daAuts
     D:2: 737 daAuts
